 Dungeon Sprint DCSS version 0.30-a0-172-gc5509c9e31 (webtiles) character file.

Game seed: 18006731714114434711

228802 mhtbhm the Petrodigitator (level 17, -1/103 HPs)
             Began as a Gargoyle Earth Elementalist on Oct 1, 2022.
             Was the Champion of Vehumet.
             Killed from afar by Gloorx Vloq (9 damage)
             ... with a poison arrow
             ... in the Dungeon (Sprint III: "The Ten Rune Challenge").
             The game lasted 00:47:19 (11910 turns).

mhtbhm the Petrodigitator (GrEE)                   Turns: 11910, Time: 00:47:19

Health: -1/103     AC: 28    Str: 13    XL:     17   Next: 86%
Magic:  20/48      EV: 21    Int: 30    God:    Vehumet [******]
Gold:   2281       SH:  5    Dex: 13    Spells: 15/70 levels left

rFire   + . .      SeeInvis +    K - staff of earth
rCold   + + .      Faith    .    (no shield)
rNeg    + + +      Spirit   .    a - +2 robe {rC+ rF+}
rPois   ∞          Reflect  +    B - +2 hat {SInv}
rElec   +          Harm     .    s - +2 cloak of the Thief {*Fog Slay-2 SInv Stlth+}
rCorr   .          Rampage  +    (no gloves)
Will    +....      Clarity  +    Q - +2 pair of boots {rampage}
Stlth   ++++...... NoTele   +    h - amulet of Starshine {Reflect rElec Str+2 SH+5 Stlth-}
HPRegen 0.37/turn                y - ring of Broken Luck {Wiz Contam +Blink rN+++ Int+2}
MPRegen 0.31/turn                F - ring "Azyr" {rC+ Int+2}

@: flying, studying Poison Magic
A: sickness immunity, AC +12, big wings, negative energy resistance 1,
electricity resistance, torment resistance 1, petrification resistance, antennae
1, agile 1, clarity, clever 1
}: 4/10 runes: decaying, serpentine, silver, golden
a: Renounce Religion, Evoke Blink


You were in the Dungeon.
You worshipped Vehumet.
Vehumet was exalted by your worship.
You visited 1 branch You collected 6954 gold pieces.
You spent 4673 gold pieces at shops.

Inventory:

Missiles
 d - 7 curare-tipped darts
 z - 10 datura-tipped darts
Armour
 a - a +2 robe of resistance (worn)
 s - the +2 cloak of the Thief (worn) {*Fog Slay-2 SInv Stlth+}
   (You bought it in a shop in the Dungeon)

   It may release a thick cloud of smoke when the wearer is hurt.
   Slay:      It affects your accuracy & damage with ranged weapons and melee
   (-2).
   SInv:      It lets you see invisible.
   Stlth:     It makes you more stealthy.
 t - a +2 cloak of willpower
 B - a +2 hat of see invisible (worn)
 Q - a +2 pair of boots of rampaging (worn)
 S - the +4 skin of Zhor {*Englaciate rC+++ SInv}
   (You bought it in a shop in the Dungeon)

   It radiates cold, occasionally slowing all nearby creatures who are not
   resistant to cold.
   rC:        It renders you almost immune to cold.
   SInv:      It lets you see invisible.
Magical Staves
 K - a staff of earth (weapon)
Jewellery
 e - the brooch of Shielding {Spirit SH+8}
   (You bought it in a shop in the Dungeon)

   [amulet of guardian spirit]

   It causes incoming damage to be divided between your reserves of health and
   magic.
   SH:        It affects your SH (+8).
 h - the amulet of Starshine (around neck) {Reflect rElec Str+2 SH+5 Stlth-}
   (You acquired it in the Dungeon)

   [amulet of reflection]

   It reflects blocked missile attacks.
   Str:       It affects your strength (+2).
   rElec:     It insulates you from electricity.
   SH:        It affects your SH (+5).
   Stlth:     It makes you less stealthy.
 y - the ring of Broken Luck (left hand) {Wiz Contam +Blink rN+++ Int+2}
   (You acquired it in the Dungeon)

   [ring of wizardry]

   It improves your spell success rate.
   Int:       It affects your intelligence (+2).
   rN:        It renders you almost immune to negative energy.
   +Blink:    It lets you blink.
   Contam:    It causes magical contamination when unequipped.
 E - the ring of Pynegh {Will+ rCorr}
   (You found it in the Dungeon)

   [ring of resist corrosion]

   rCorr:     It protects you from acid and corrosion.
   Will:      It increases your willpower.
 F - the ring "Azyr" (right hand) {rC+ Int+2}
   (You found it in the Dungeon)

   [ring of protection from cold]

   Int:       It affects your intelligence (+2).
   rC:        It protects you from cold.
 P - the ring of Piaxkeil {rF++ rCorr Int+2 SInv}
   (You found it in the Dungeon)

   [ring of resist corrosion]

   Int:       It affects your intelligence (+2).
   rF:        It greatly protects you from fire.
   SInv:      It lets you see invisible.
   rCorr:     It protects you from acid and corrosion.
Wands
 g - a wand of mindburst (9)
 n - a wand of polymorph (2)
 w - a wand of iceblast (9)
 J - a wand of light (4)
Scrolls
 i - 3 scrolls of fog
 j - a scroll of poison
 k - 3 scrolls of torment
 l - 6 scrolls of identify
 p - 2 scrolls of blinking
 q - a scroll of enchant weapon
 r - 6 scrolls of amnesia
 u - 3 scrolls of fear
 D - a scroll of silence
 M - a scroll of brand weapon
 O - a scroll of vulnerability
Potions
 b - 4 potions of magic
 c - 4 potions of curing
 f - 4 potions of berserk rage
 m - 4 potions of mutation
 v - a potion of invisibility
 A - a potion of cancellation
 I - 3 potions of haste
 N - a potion of ambrosia
 R - 3 potions of heal wounds
 T - a potion of might
 Z - 3 potions of flight
Miscellaneous
 o - a box of beasts
 x - a lightning rod (4/4)
 C - the horn of Geryon
 L - a phantom mirror


   Skills:
 + Level 10.4 Fighting
 * Level 21.3 Armour
 * Level 18.9 Dodging
 - Level 8.1 Stealth
 - Level 4.8 Shields
 + Level 0.5 Unarmed Combat
 O Level 27 Spellcasting
 O Level 27 Conjurations
 - Level 2.2 Hexes
 * Level 8.9 Transmutations
 + Level 4.3 Fire Magic
 + Level 2.5 Air Magic
 O Level 27 Earth Magic
 + Level 3.2 Poison Magic
 + Level 10.2 Evocations


You had 15 spell levels left.
You knew the following spells:

 Your Spells              Type           Power      Damage    Failure   Level
a - Sandblast             Erth           100%       2d20      0%          1
b - Passwall              Tmut/Erth      100%       N/A       0%          2
c - Stone Arrow           Conj/Erth      100%       3d13      0%          3
d - Petrify               Tmut/Erth      100%       N/A       0%          4
e - Inner Flame           Hex/Fire       57%        N/A       1%          3
f - Mephitic Cloud        Conj/Pois/Air  82%        N/A       0%          3
g - Lee's Rapid Deconstr  Erth           70%        3d33*     0%          5
h - Flame Wave            Conj/Fire      94%        2d20      0%          4
i - Lehudib's Crystal Sp  Conj/Erth      70%        10d16     1%          8
j - Shatter               Erth           70%        3d52*     1%          9
k - Iron Shot             Conj/Erth      70%        9d13      0%          6
l - Dragon Form           Tmut           38%        N/A       5%          7

Your spell library contained the following spells:

 Spells                   Type           Power      Damage    Failure   Level
 Beastly Appendage        Tmut           100%       N/A       0%          1
 Shock                    Conj/Air       100%       1d9       0%          1
 Static Discharge         Conj/Air       100%       2-7/arc   0%          2
 Iskenderun's Battlesphe  Conj           100%       2d15      0%          5
 Orb of Destruction       Conj           58%        9d14      0%          7
 Necrotise                Necr           100%       1d9       1%          1
 Sting                    Tmut/Pois      100%       1d8       1%          1
 Ensorcelled Hibernation  Hex/Ice        94%        N/A       1%          2
 Poisonous Vapours        Pois/Air       100%       N/A       1%          2
 Ignite Poison            Fire/Tmut/Pois 65%        N/A       1%          3
 Kindle Blastsparks       Fire/Tloc/Air  100%       2d18      1%          3
 Spider Form              Tmut/Pois      67%        N/A       1%          3
 Summon Guardian Golem    Hex/Summ       47%        N/A       1%          3
 Swiftness                Air            53%        N/A       1%          3
 Airstrike                Air            26%        2d(4-20)  1%          4
 Cause Fear               Hex            26%        N/A       1%          4
 Ice Form                 Ice/Tmut       61%        N/A       1%          4
 Summon Lightning Spire   Summ/Air       48%        N/A       1%          4
 Arcjolt                  Conj/Air       45%        1d55      1%          5
 Freezing Cloud           Conj/Ice/Air   39%        6-21      1%          5
 Lightning Bolt           Conj/Air       45%        1d65      1%          5
 Spellforged Servitor     Conj/Summ      44%        N/A       1%          7
 Animate Dead             Necr           40%        N/A       2%          4
 Dispel Undead            Necr           40%        3d16      2%          4
 Metabolic Englaciation   Hex/Ice        23%        N/A       4%          5
 Chain Lightning          Conj/Air       45%        3d60      16%         9
 Storm Form               Tmut/Air       33%        N/A       21%         7
 Ozocubu's Refrigeration  Ice            20%        4d11      43%         7
 Maxwell's Capacitive Co  Air            26%        ∞         73%         8
 Haunt                    Necr/Summ      20%        N/A       87%         7
 Necromutation            Tmut/Necr      30%        N/A       92%         8
 Infestation              Necr           20%        N/A       100%        8
 Death's Door             Necr           20%        N/A       100%        9
 Dragon's Call            Summ           20%        N/A       100%        9
 Polar Vortex             Ice            20%        N/A       100%        9
 Statue Form              Tmut/Erth      Unusable   N/A       N/A         6

Dungeon Overview and Level Annotations

Branches:
Dungeon (1/1)

Altars:
Cheibriados
Dithmenos
Elyvilon
Fedhas
Gozag
Hepliaklqana
Kikubaaqudgha
Makhleb
Nemelex Xobeh
Okawaru
Qazlal
Ru
Sif Muna
Trog
Uskayaw
Vehumet
Wu Jian
Xom
Yredelemnul
Zin
The Shining One
Jiyva
Lugonu

Shops:
D :?([!:([!![!(=?((*[(::!

Annotations:
D Gloorx Vloq


Innate Abilities, Weirdness & Mutations

You are immune to sickness and miasma.
Your stone body is resilient. (AC +12)
You are immune to poison.
Your large and strong wings let you fly.
You resist negative energy. (rN+)
You are resistant to electric shocks. (rElec)
You are resistant to unholy torment.
You are immune to petrification.
You have a pair of small antennae on your head.
You are agile. (Dex +4, Str/Int -1)
You possess an exceptional clarity of mind.
Your mind is acute. (Int +4, Str/Dex -1)


Message History

The Executioner hits you but does no damage.
The Executioner closely misses you. The Executioner barely misses you.
Unknown command.
You feel much better. The Executioner hits you!
* * * LOW HITPOINT WARNING * * *
With a swish of your cloak, you release a cloud of fog.
The Executioner completely misses you. The Executioner closely misses you.
The Executioner hits you but does no damage. x2
The Executioner barely misses you.
Gloorx Vloq hits you but does no damage.
The Executioner hits you but does no damage.
The Executioner barely misses you. You block the Executioner's attack. x2
The Executioner barely misses you. The Executioner misses you. x3
The Executioner closely misses you.
Gloorx Vloq hits you but does no damage.
The Executioner closely misses you. The Executioner misses you.
The Executioner completely misses you. The Executioner hits you!
* * * LOW HITPOINT WARNING * * *
With a swish of your cloak, you release a cloud of fog.
The Executioner hits you but does no damage.
The Executioner completely misses you. The Executioner closely misses you.
The Executioner completely misses you. The Executioner closely misses you.
You feel much better. The Executioner hits you!!
* * * LOW HITPOINT WARNING * * *
With a swish of your cloak, you release a cloud of fog.
The Executioner hits you but does no damage. x3
The Executioner barely misses you. The Executioner closely misses you.
Gloorx Vloq barely misses you. The Executioner misses you.
You block the Executioner's attack. The Executioner hits you.
* * * LOW HITPOINT WARNING * * *
The Executioner hits you but does no damage.
The Executioner closely misses you.
The Executioner hits you but does no damage. x2
The Executioner hits you.
* * * LOW HITPOINT WARNING * * *
The Executioner completely misses you.
Gloorx Vloq moans, "Beg for mercy, thou bawdy kobold-kissing haggard!"
Gloorx Vloq gestures at you. The poison arrow hits you! You partially resist.
You die...

##+#############+###############.
...........)...)........#...# ##.
...........)............#...###..
...........)))..........'...'....
........................#...###..
...........)....§.......#...# ##.
###+#############§##############.
#§§§#&§§§# #......#' #§§§§1@§§+
#......#[ #...#11§§# #......#[
##+ ###### #.....)'. #......##
#.###..#. #^#..'. ###..#(
#......## ########.


You could see Gloorx Vloq and 3 Executioners.

Vanquished Creatures
  An ancient lich (D)
  Mara (D)
  3 royal mummies (D)
  Sojobo (D)
  Boris (D)
  A Killer Klown (D)
  A golden dragon (D)
  Nikola (D)
  Rupert (D)
  2 liches (D)
  2 Orb Guardians (D)
  4 deep elf blademasters (D)
  A titan (D)
  A deep elf master archer (D)
  A quicksilver dragon (D)
  An Executioner (D)
  2 sphinxes (D)
  Frances (D)
  An ancient champion (D)
  Gastronok (D)
  2 storm dragons (D)
  3 shadow dragons (D)
  Chuck (D)
  Roxanne (D)
  Donald (D)
  A nagaraja (D)
  3 frost giants (D)
  A fire giant (D)
  2 draconian stormcallers (D)
  4 stone giants (D)
  Nessos (D)
  2 vampire knights (D)
  A yellow draconian (D)
  Azrael (D)
  2 deep elf annihilators (D)
  A deep elf demonologist (D)
  An iron golem (D)
  2 dire elephants (D)
  A deep elf death mage (D)
  11 mummy priests (D)
  A fire dragon (D)
  4 yaktaur captains (D)
  Josephine (D)
  A deep elf high priest (D)
  17 vault guards (D)
  2 hydras (D)
  2 hell beasts (D)
  7 ice dragons (D)
  8 anacondas (D)
  An ogre mage (D)
  3 centaur warriors (D)
  4 death yaks (D)
  A naga warrior (D)
  2 titan zombies (D)
  4 dancing weapons (D)
  A deep elf knight (D)
  2 soul eaters (D)
  2 sun demons (D)
  Urug (D)
  A shadow wraith (D)
  4 hell knights (D)
  A golden dragon zombie (D)
  6 skeletal warriors (D)
  A death drake (D)
  A glowing orange brain (D)
  A spriggan druid (D)
  A sea snake (shapeshifter) (D)
  A spectral iron dragon (D)
  2 obsidian statues (D)
  A lindwurm (D)
  3 deep elf zephyrmancers (D)
  4 orc knights (D)
  A shining eye (D)
  3 deep elf pyromancers (D)
  2 oklob plants (D)
  4 crystal guardians (D)
  6 ugly things (D)
  A moth of wrath (D)
  A cyclops (shapeshifter) (D)
  3 elephants (D)
  An iron troll simulacrum (D)
  7 black mambas (D)
  A guardian serpent (D)
  2 water nymphs (shapeshifter) (D)
  4 statues (D)
  A molten gargoyle (D)
  2 cane toads (D)
  An unseen horror (D)
  A yaktaur (shapeshifter) (D)
  A rime drake (D)
  A komodo dragon (D)
  13 yaktaurs (D)
  2 ice devils (D)
  An anaconda simulacrum (D)
  18 guardian mummies (D)
  A tyrant leech (shapeshifter) (D)
  3 wandering mushrooms (D)
  4 spriggan defenders (D)
  2 tyrant leeches (D)
  A queen bee (D)
  3 hornets (D)
  8 blink frogs (D)
  2 orc high priests (D)
  7 slime creatures (D)
  2 spriggans (D)
  3 shadows (D)
  A golden eye (D)
  3 redbacks (D)
  A spatial vortex (D)
  2 nagas (D)
  4 water moccasins (D)
  4 hydra simulacra (D)
  A floating eye (D)
  A swamp drake (D)
  2 black mamba simulacra (D)
  2 centaurs (D)
  An earth elemental (D)
  A necrophage (D)
  A water elemental (D)
  31 killer bees (D)
  6 electric eels (D)
  A jelly (D)
  4 orc priests (D)
  Jessica (D)
  A wizard (D)
  3 orc wizards (D)
  2 necromancers (D)
  A polar bear simulacrum (D)
  3 humans (D)
  A kobold demonologist (D)
  4 adders (D)
  2 swamp drake simulacra (D)
  A phantom (D)
  12 orcs (D)
  An endoplasm (D)
  2 rats (D)
  A ball lightning (D)
  A ballistomycete spore (D)
  7 butterflies (D)
  2 plants (D)
385 creatures vanquished.

Vanquished Creatures (collateral kills)
  Geryon (D)
  A killer bee (D)
  An electric eel (D)
3 creatures vanquished.

Vanquished Creatures (others)
  A hydra (D)
  A floating eye (D)
  3 ball lightnings (D)
  4 ballistomycete spores (D)
  4 bushes (D)
  A butterfly (D)
  39 plants (D)
53 creatures vanquished.

Grand Total: 441 creatures vanquished

Notes
Turn   | Place    | Note
-------+----------+-------------------------------------------
     0 | D        | mhtbhm the Gargoyle Earth Elementalist began the quest for
                  | the Orb.
     0 | D        | Reached XP level 1. HP: 10/10 MP: 3/3
    46 | D        | Noticed Jessica
    49 | D        | Killed Jessica
    50 | D        | Reached XP level 2. HP: 15/15 MP: 0/6
    50 | D        | Reached XP level 3. HP: 19/19 MP: 0/7
   120 | D        | Learned a level 2 spell: Passwall
   124 | D        | Learned a level 3 spell: Stone Arrow
   150 | D        | Gained mutation: Your muscles are strong. (Str +4, Int/Dex
                  | -1) [potion of mutation]
   150 | D        | Gained mutation: You sometimes lose your temper in combat.
                  | [potion of mutation]
   152 | D        | Lost mutation: Your muscles are strong. (Str +4, Int/Dex
                  | -1) [potion of mutation]
   152 | D        | Lost mutation: You sometimes lose your temper in combat.
                  | [potion of mutation]
   152 | D        | Gained mutation: You are weak. (Str -2) [potion of
                  | mutation]
   152 | D        | Gained mutation: You possess an exceptional clarity of
                  | mind. [potion of mutation]
   153 | D        | Lost mutation: You are weak. (Str -2) [potion of mutation]
   153 | D        | Lost mutation: You possess an exceptional clarity of mind.
                  | [potion of mutation]
   153 | D        | Gained mutation: Your spells are a little easier to cast,
                  | but a little less powerful. [potion of mutation]
   154 | D        | Lost mutation: Your spells are a little easier to cast, but
                  | a little less powerful. [potion of mutation]
   154 | D        | Gained mutation: Your mind is acute. (Int +4, Str/Dex -1)
                  | [potion of mutation]
   154 | D        | Gained mutation: You have hidden genetic potential. [potion
                  | of mutation]
   154 | D        | Gained mutation: You possess an exceptional clarity of
                  | mind. [potion of mutation]
   231 | D        | Noticed a water elemental
   234 | D        | Killed a water elemental
   235 | D        | Reached skill level 1 in Transmutations
   235 | D        | Reached XP level 4. HP: 19/24 MP: 5/10
   256 | D        | Gained mutation: You have a pair of small antennae on your
                  | head. [hidden potential]
   259 | D        | Learned a level 4 spell: Petrify
   275 | D        | Found a radiant altar of Vehumet.
   275 | D        | Found a shimmering blue altar of Sif Muna.
   275 | D        | Found an ancient bone altar of Kikubaaqudgha.
   275 | D        | Noticed a wizard
   276 | D        | Killed a wizard
   277 | D        | Reached skill level 5 in Spellcasting
   277 | D        | Reached XP level 5. HP: 28/28 MP: 9/12
   283 | D        | Became a worshipper of Vehumet
   324 | D        | Found a basalt altar of Yredelemnul.
   324 | D        | Found a shadowy altar of Dithmenos.
   324 | D        | Found a sacrificial altar of Ru.
   327 | D        | Reached skill level 10 in Earth Magic
   328 | D        | Reached XP level 6. HP: 32/32 MP: 10/15
   331 | D        | Gained mutation: You are agile. (Dex +4, Str/Int -1)
                  | [hidden potential]
   331 | D        | Lost mutation: You have hidden genetic potential. [hidden
                  | potential expressed]
   364 | D        | Found a glowing silver altar of Zin.
   364 | D        | Found a glowing golden altar of the Shining One.
   364 | D        | Found a white marble altar of Elyvilon.
   364 | D        | Noticed a deep elf pyromancer
   367 | D        | Killed a deep elf pyromancer
   367 | D        | Reached * piety under Vehumet
   367 | D        | Offered knowledge of Freeze by Vehumet.
   368 | D        | Reached skill level 5 in Stealth
   368 | D        | Reached skill level 1 in Conjurations
   368 | D        | Reached XP level 7. HP: 27/36 MP: 11/19
   420 | D        | Found a hide-covered altar of Uskayaw.
   420 | D        | Found an iron altar of Okawaru.
   420 | D        | Found a bloodstained altar of Trog.
   420 | D        | Found an ornate altar of the Wu Jian Council.
   420 | D        | Noticed a human
   420 | D        | Noticed a human
   422 | D        | Killed a human
   425 | D        | Killed a human
   426 | D        | Reached XP level 8. HP: 41/41 MP: 17/21
   469 | D        | Reached ** piety under Vehumet
   482 | D        | Noticed a shadow
   484 | D        | Killed a shadow
   484 | D        | Offered knowledge of Magic Dart by Vehumet.
   485 | D        | Reached skill level 10 in Spellcasting
   485 | D        | Reached skill level 15 in Earth Magic
   492 | D        | Found a blossoming altar of Fedhas.
   492 | D        | Found a stormy altar of Qazlal.
   492 | D        | Found a snail-covered altar of Cheibriados.
   492 | D        | Found a burning altar of Makhleb.
   492 | D        | Found a shimmering altar of Xom.
   493 | D        | Found a hazy altar of Hepliaklqana.
   493 | D        | Found an opulent altar of Gozag.
   493 | D        | Found a sparkling altar of Nemelex Xobeh.
   493 | D        | Found a corrupted altar of Lugonu.
   493 | D        | Found a viscous altar of Jiyva.
   550 | D        | Noticed Josephine
   555 | D        | Killed Josephine
   556 | D        | Reached XP level 9. HP: 40/46 MP: 17/24
   695 | D        | Reached *** piety under Vehumet
   695 | D        | Offered knowledge of Inner Flame by Vehumet.
   758 | D        | Learned a level 3 spell: Inner Flame
   767 | D        | Noticed a centaur warrior
   781 | D        | Killed a centaur warrior
   781 | D        | Offered knowledge of Mephitic Cloud by Vehumet.
   782 | D        | Reached skill level 1 in Fighting
   782 | D        | Reached skill level 1 in Fire Magic
   898 | D        | Killed an unseen horror
   898 | D        | Reached **** piety under Vehumet
  1003 | D        | Learned a level 3 spell: Mephitic Cloud
  1022 | D        | Noticed an orc knight
  1024 | D        | Offered knowledge of Iskenderun's Battlesphere by Vehumet.
  1030 | D        | Reached ***** piety under Vehumet
  1080 | D        | an orc knight changed into an elephant
  1080 | D        | Noticed an elephant
  1087 | D        | Killed an elephant
  1088 | D        | Reached skill level 1 in Hexes
  1088 | D        | Reached skill level 1 in Evocations
  1088 | D        | Reached XP level 10. HP: 8/53 MP: 24/27
  1224 | D        | Found Kibleino's Antique Weapon Emporium.
  1431 | D        | Offered knowledge of Lee's Rapid Deconstruction by Vehumet.
  1438 | D        | Learned a level 5 spell: Lee's Rapid Deconstruction
  1565 | D        | Reached ****** piety under Vehumet
  1567 | D        | Offered knowledge of Flame Wave by Vehumet.
  1730 | D        | Learned a level 4 spell: Flame Wave
  1757 | D        | Noticed a cane toad
  1757 | D        | Noticed a cane toad
  1766 | D        | Killed a cane toad
  1766 | D        | Offered knowledge of Eringya's Noxious Bog by Vehumet.
  1766 | D        | Killed a cane toad
  1767 | D        | Reached skill level 1 in Air Magic
  1767 | D        | Reached skill level 1 in Poison Magic
  1862 | D        | Reached skill level 5 in Conjurations
  1862 | D        | Reached XP level 11. HP: 59/59 MP: 21/29
  1907 | D        | Reached skill level 15 in Spellcasting
  2080 | D        | Noticed a lindwurm
  2084 | D        | Killed a lindwurm
  2144 | D        | Noticed Urug
  2150 | D        | Killed Urug
  2150 | D        | Offered knowledge of Yara's Violent Unravelling by Vehumet.
  2252 | D        | Noticed Donald
  2252 | D        | Noticed Frances
  2258 | D        | Killed Donald
  2259 | D        | Killed Frances
  2297 | D        | Killed a four-headed hydra
  2640 | D        | Noticed a skeletal warrior
  2643 | D        | Killed a skeletal warrior
  2701 | D        | Killed a yaktaur captain
  2758 | D        | Noticed an obsidian statue
  2770 | D        | Found Qeluh Werr's Assorted Antiques.
  2770 | D        | Found Mitarr's Antique Armour Shop.
  2770 | D        | Found Giuxkiasch's Distillery.
  2770 | D        | Found Atyats's Weapon Boutique.
  2770 | D        | Found Kydataef's Book Shop.
  2770 | D        | Found Rusiakhlos's Book Emporium.
  2770 | D        | Found Hosud's Weapon Boutique.
  2771 | D        | Found Tunarph's Antique Weapon Boutique.
  2771 | D        | Found Juizxal's Magic Scroll Shoppe.
  2771 | D        | Found Fibov's Jewellery Shop.
  2771 | D        | Found Setos's Antique Weapon Emporium.
  2815 | D        | Bought the brooch of Shielding {Spirit SH+8} for 780 gold
                  | pieces
  2815 | D        | Found the brooch of Shielding {Spirit SH+8}
  2827 | D        | Bought an amulet of regeneration for 360 gold pieces
  2835 | D        | Bought a scroll of blinking for 82 gold pieces
  2841 | D        | Bought a scroll labelled SETTUPPAPSO for 27 gold pieces
  2841 | D        | Bought a scroll labelled QUWNAC IHUSI for 27 gold pieces
  2841 | D        | Bought a scroll labelled VATUOP HEATT for 27 gold pieces
  2842 | D        | Bought the +2 cloak of the Thief {*Fog Slay-2 SInv Stlth+}
                  | for 502 gold pieces
  2842 | D        | Found the +2 cloak of the Thief {*Fog Slay-2 SInv Stlth+}
  2842 | D        | Bought an embroidered cloak for 187 gold pieces
  2843 | D        | Bought a potion of haste for 100 gold pieces
  2843 | D        | Bought a potion of invisibility for 80 gold pieces
  2867 | D        | Noticed a crystal guardian
  2868 | D        | Killed a crystal guardian
  2868 | D        | Offered knowledge of Lightning Bolt by Vehumet.
  2868 | D        | Noticed a crystal guardian
  2869 | D        | Killed a crystal guardian
  2870 | D        | Reached XP level 12. HP: 64/64 MP: 28/33
  3037 | D        | Offered knowledge of Ozocubu's Refrigeration by Vehumet.
  3263 | D        | Noticed a centaur warrior
  3264 | D        | Killed a centaur warrior
  3296 | D        | Killed a fire dragon
  3296 | D        | Offered knowledge of Conjure Ball Lightning by Vehumet.
  3455 | D        | Identified the +9 triple sword of Cheibriados, Hungering
                  | {holy, Int+5}
  3609 | D        | Offered knowledge of Lehudib's Crystal Spear by Vehumet.
  3609 | D        | Offered knowledge of Shatter by Vehumet.
  3609 | D        | Offered knowledge of Maxwell's Capacitive Coupling by
                  | Vehumet.
  3696 | D        | Learned a level 8 spell: Lehudib's Crystal Spear
  3706 | D        | Learned a level 9 spell: Shatter
  3713 | D        | Noticed a yaktaur captain
  3849 | D        | Noticed Chuck
  3863 | D        | Killed a yaktaur captain
  3912 | D        | Noticed Sojobo
  3921 | D        | Killed Sojobo
  3922 | D        | Reached XP level 13. HP: 40/68 MP: 13/37
  4264 | D        | Killed Chuck
  4331 | D        | Noticed an iron golem
  4353 | D        | Killed an iron golem
  4524 | D        | Reached skill level 27 in Earth Magic
  4614 | D        | Noticed a lich
  4617 | D        | Killed a lich
  4808 | D        | Noticed a yaktaur captain
  4818 | D        | Killed a yaktaur captain
  4842 | D        | Noticed Azrael
  4846 | D        | Killed Azrael
  4872 | D        | Acquired the ring of Broken Luck {Wiz Contam +Blink rN+++
                  | Int+2}
  5154 | D        | Reached skill level 5 in Dodging
  5258 | D        | Gained mutation: Your large and strong wings let you fly.
                  | [Gargoyle growth]
  5258 | D        | Reached XP level 14. HP: 66/74 MP: 28/41
  5459 | D        | Noticed a nagaraja
  5464 | D        | Killed a nagaraja
  5544 | D        | Found Bolouno's Antique Armour Shop.
  5544 | D        | Found Roxank's Distillery.
  5548 | D        | Found Irerik's Book Boutique.
  5567 | D        | Got a serpentine rune of Zot
  5624 | D        | Found a blossoming altar of Fedhas.
  5769 | D        | Noticed Rupert
  5772 | D        | Killed Rupert
  5912 | D        | Noticed an azure jelly
  5912 | D        | Noticed an azure jelly
  6078 | D        | Reached skill level 10 in Conjurations
  6312 | D        | Found Aqustri's Book Shoppe.
  6312 | D        | Found Rutiqy's Magic Scroll Boutique.
  6312 | D        | Found Tinud's Antique Weapon Emporium.
  6320 | D        | Bought a scroll of blinking for 105 gold pieces
  6347 | D        | Got a decaying rune of Zot
  6411 | D        | Noticed a dire elephant
  6411 | D        | Noticed a dire elephant
  6414 | D        | Noticed Gastronok
  6417 | D        | Reached skill level 27 in Spellcasting
  6420 | D        | Killed a dire elephant
  6420 | D        | Killed a dire elephant
  6431 | D        | Killed Gastronok
  6432 | D        | Reached skill level 5 in Fighting
  6589 | D        | Noticed an azure jelly
  6590 | D        | Noticed an azure jelly
  6708 | D        | Reached XP level 15. HP: 82/82 MP: 34/46
  6798 | D        | Noticed a deep elf master archer
  6800 | D        | Killed a deep elf master archer
  6801 | D        | Reached skill level 15 in Conjurations
  6908 | D        | Reached skill level 5 in Evocations
  6969 | D        | Identified the ring of Pynegh {Will+ rCorr}
  6969 | D        | Identified the ring "Azyr" {rC+ Int+2}
  6972 | D        | Got Vyfi's Disquisition on the Earthen Snake
  6972 | D        | Got Vimut's Grimoire of Ghastly Moulding
  6973 | D        | Identified the +1 scale mail of Music {rF++ rCorr MP+9
                  | Dex+4}
  6974 | D        | Got the Catalogue of Darkness
  6975 | D        | Identified the +7 short sword of the Wilderness {flame,
                  | Drain Str+6 Dex+6}
  6982 | D        | Got Zuciott's Anthology of Frigorific Conduction
  7125 | D        | Found the +5 sword of Power {vorpal}
  7126 | D        | Identified the +8 short sword "Tobeic" {drain, rElec Will+
                  | Str+2}
  7131 | D        | Identified the ring of Piaxkeil {rF++ rCorr Int+2 SInv}
  7349 | D        | Learned a level 6 spell: Iron Shot
  7359 | D        | Reached skill level 1 in Armour
  7363 | D        | Noticed a lich
  7365 | D        | Killed a lich
  7417 | D        | Noticed a shadow dragon
  7418 | D        | Killed a shadow dragon
  7421 | D        | Noticed a shadow dragon
  7423 | D        | Killed a shadow dragon
  7424 | D        | Reached skill level 5 in Armour
  7696 | D        | Noticed a sphinx
  7698 | D        | Killed a sphinx
  7699 | D        | Noticed a sphinx
  7702 | D        | Noticed an ancient champion
  7704 | D        | Killed a sphinx
  7705 | D        | Killed an ancient champion
  8226 | D        | Reached skill level 10 in Dodging
  8227 | D        | Reached skill level 10 in Armour
  8229 | D        | Noticed a royal mummy
  8233 | D        | Killed a royal mummy
  8242 | D        | Identified the +1 ice dragon scales of the Writhing Gods
                  | {rF- rC++ Int+3}
  8409 | D        | Identified the +5 short sword "Kyll" {drain, rPois Str-4
                  | Int+3}
  8433 | D        | Noticed a royal mummy
  8437 | D        | Killed a royal mummy
  8438 | D        | Reached XP level 16. HP: 77/90 MP: 26/47
  8444 | D        | Got a golden rune of Zot
  8556 | D        | Acquired a book of Storms
  8659 | D        | Acquired 908 gold pieces
  8749 | D        | Acquired a book of Power
  8753 | D        | Acquired the amulet of Starshine {Reflect rElec Str+2 SH+5
                  | Stlth-}
  8774 | D        | Acquired 952 gold pieces
  8837 | D        | Bought a faintly humming chain mail for 256 gold pieces
  8837 | D        | Identified the +4 chain mail "Bueh" {rElec Regen+ Int-3
                  | Dex+4} (You bought it in a shop in the Dungeon)
  8852 | D        | Bought a scroll of enchant armour for 82 gold pieces
  8935 | D        | Noticed Boris
  8940 | D        | Killed Boris
  8941 | D        | Reached skill level 1 in Shields
  9038 | D        | Found Cinamp's Distillery.
  9038 | D        | Found Puimmix's Armour Shop.
  9038 | D        | Found Vuomn's Distillery.
  9038 | D        | Found Moibun's Distillery.
  9117 | D        | Bought a potion of heal wounds for 50 gold pieces
  9117 | D        | Bought a potion of magic for 80 gold pieces
  9118 | D        | Bought a potion of magic for 104 gold pieces
  9118 | D        | Bought a potion of heal wounds for 65 gold pieces
  9118 | D        | Bought a potion of haste for 130 gold pieces
  9119 | D        | Bought a potion of heal wounds for 55 gold pieces
  9119 | D        | Bought a potion of heal wounds for 55 gold pieces
  9128 | D        | Identified Roxanne's Grimoire of Evolution
  9128 | D        | Noticed Roxanne
  9132 | D        | Killed Roxanne
  9196 | D        | Found Uhazesmi's Armour Boutique.
  9258 | D        | Bought the +4 skin of Zhor {*Englaciate rC+++ SInv} for 731
                  | gold pieces
  9258 | D        | Found the +4 skin of Zhor {*Englaciate rC+++ SInv}
  9435 | D        | Noticed an Executioner
  9436 | D        | Killed an Executioner
  9477 | D        | Noticed Nessos
  9482 | D        | Killed Nessos
  9496 | D        | Reached skill level 15 in Armour
  9708 | D        | Noticed a deep elf blademaster
  9708 | D        | Noticed a deep elf blademaster
  9708 | D        | Noticed a deep elf blademaster
  9711 | D        | Killed a deep elf blademaster
  9713 | D        | Killed a deep elf blademaster
  9714 | D        | Killed a deep elf blademaster
  9721 | D        | Killed a deep elf blademaster
  9832 | D        | Noticed a Killer Klown
  9837 | D        | Killed a Killer Klown
  9929 | D        | Noticed an Orb Guardian
  9929 | D        | Noticed an Orb Guardian
  9932 | D        | Killed an Orb Guardian
  9935 | D        | Killed an Orb Guardian
 10065 | D        | Noticed an ancient lich
 10070 | D        | Killed an ancient lich
 10148 | D        | Noticed a storm dragon
 10151 | D        | Killed a storm dragon
 10303 | D        | Reached skill level 15 in Dodging
 10303 | D        | Reached XP level 17. HP: 96/99 MP: 36/48
 10441 | D        | Noticed Nikola
 10456 | D        | Killed Nikola
 10720 | D        | Noticed Mara
 10725 | D        | Killed Mara
 10869 | D        | Identified the +7 quarterstaff "Geinwes" {vorpal, rPois
                  | Will+}
 11037 | D        | Bought a potion of heal wounds for 50 gold pieces
 11037 | D        | Bought a potion of might for 40 gold pieces
 11037 | D        | Bought a potion of haste for 100 gold pieces
 11040 | D        | Bought a book of the Dragon for 598 gold pieces
 11048 | D        | Learned a level 7 spell: Dragon Form
 11320 | D        | Noticed a quicksilver dragon
 11320 | D        | Noticed a golden dragon
 11320 | D        | Noticed a titan
 11323 | D        | Killed a titan
 11324 | D        | Reached skill level 5 in Transmutations
 11325 | D        | Reached skill level 27 in Conjurations
 11325 | D        | Killed a golden dragon
 11325 | D        | Killed a quicksilver dragon
 11326 | D        | Reached skill level 10 in Fighting
 11337 | D        | Got a silver rune of Zot
 11364 | D        | Identified the amulet of Qidoalio {rPois Regen+ Str+4 Int+2
                  | Dex+3}
 11390 | D        | Identified the +0 scale mail "Jaatwoh" {rElec rF++ Dex-5}
 11675 | D        | Noticed Geryon
 11682 | D        | Reached skill level 10 in Evocations
 11686 | D        | Killed Geryon
 11851 | D        | Acquired 1131 gold pieces
 11901 | D        | Noticed a royal mummy
 11901 | D        | Noticed Gloorx Vloq
 11905 | D        | Noticed an Executioner
 11906 | D        | Killed a royal mummy
 11906 | D        | Noticed an Executioner
 11906 | D        | Noticed an Executioner
 11910 | D        | Killed from afar by Gloorx Vloq

Illustrated notes

Levels and vault maps discovered:
D:        dungeon_sprint_mu [sprint_mu_entry_forest, sprint_mu_temple_rooms,
          sprint_mu_d1_horrors, sprint_mu_d2_genie, sprint_mu_d3_branching,
          sprint_mu_orc_legion, sprint_mu_elf_gauntlet, sprint_mu_hive_nellie,
          sprint_mu_lair_fedhas, sprint_mu_vaults_butterflies,
          sprint_mu_slime_circle, sprint_mu_swamp_cave, sprint_mu_snake_twists,
          sprint_mu_blade_basic, sprint_mu_crypt_fortress,
          sprint_mu_tomb_spiral, sprint_mu_vestibule_basic,
          sprint_mu_gehenna_hellfire, sprint_mu_dis_giant,
          sprint_mu_tartarus_statrot, sprint_mu_cocytus_islands, sprint_mu_zot1]

Skill      XL: |  1  2  3  4  5  6  7  8  9 10 11 12 13 14 15 16 17 |
---------------+----------------------------------------------------+-----
Earth Magic    | 6 9 11 13 14 16 18 20 22 25 27 | 27.0
Dodging        | 2 3 4 5 6 11 15 18 | 18.9
Stealth        | 3 4 5 6 7 8 |  8.1
Spellcasting   | 3 4 5 6 8 9 11 13 14 17 20 23 27 | 27.0
Transmutations | 1 8 |  8.9
Conjurations   | 1 2 3 5 6 7 8 13 20 25 27 | 27.0
Fighting       | 2 3 5 6 8 10 | 10.4
Fire Magic     | 2 4 |  4.3
Hexes          | 1 2 |  2.2
Evocations     | 1 2 3 6 8 10 | 10.2
Air Magic      | 1 2 |  2.5
Poison Magic   | 1 2 3 |  3.2
Armour         | 12 17 21 | 21.3
Shields        | 4 |  4.8
Unarmed Combat | |  0.5

Action                   |  1- 3 |  4- 6 |  7- 9 | 10-12 | 13-15 | 16-18 || total
-------------------------+-------+-------+-------+-------+-------+-------++-------
Melee: Unarmed           |       |       |     2 |     5 |       |       ||     7
       Punch             |       |       |       |     1 |       |       ||     1
       Staff             |       |       |       |       |     1 |     8 ||     9
 Cast: Sandblast         |    13 |     8 |    34 |     8 |       |       ||    63
       Passwall          |     1 |       |       |     1 |       |       ||     2
       Stone Arrow       |       |     1 |    16 |    18 |    13 |     3 ||    51
       Inner Flame       |       |       |     6 |       |       |     4 ||    10
       Mephitic Cloud    |       |       |     2 |     9 |     1 |     2 ||    14
       Lee's Rapid Decon |       |       |       |    90 |   163 |    93 ||   346
       Petrify           |       |       |       |     1 |       |       ||     1
       Lehudib's Crystal |       |       |       |       |    39 |    15 ||    54
       Shatter           |       |       |       |       |       |     6 ||     6
       Iron Shot         |       |       |       |       |       |     4 ||     4
       Dragon Form       |       |       |       |       |       |     1 ||     1
       Flame Wave        |       |       |       |       |       |     1 ||     1
Evoke: Box of beasts     |       |       |     2 |     1 |     2 |       ||     5
       Wand              |       |       |     3 |       |     4 |       ||     7
       Phantom mirror    |       |       |       |       |       |     2 ||     2
  Use: Potion            |     4 |       |     4 |       |     3 |     4 ||    15
       Scroll            |       |       |     2 |     5 |    12 |     7 ||    26
 Stab: Sleeping          |       |       |       |     1 |       |     1 ||     2
Armor: Robe              |       |     1 |     7 |    11 |    13 |    45 ||    77
Dodge: Dodged            |       |       |    11 |    28 |    24 |    60 ||   123
Block: Other             |       |       |       |       |       |    19 ||    19
       Reflection        |       |       |       |       |       |     5 ||     5

Table legend: (Time is in decaauts) A = Elapsed time spent in this place. B = Non-inter-level travel time spent in this place. C = Inter-level travel time spent in this place. D = Time resting spent in this place. E = Time spent auto-exploring this place. F = Levels seen in this place. G = Mean time per level. A B C D E F G +--------+--------+--------+--------+--------+-----+--------+ Total | 11986 | 11359 | 627 | 6953 | 1 | 1 | 11986.0 | Dungeon | 11986 | 11359 | 627 | 6953 | 1 | 1 | 11986.0 | +--------+--------+--------+--------+--------+-----+--------+

Top non-repeatable levels by time:
       D: 11986 daAuts
